[Event "*** Titled Tuesday Blitz"]
[Site "Chess.com"]
[Date "2021.03.02"]
[Round "4"]
[White "JQuiroga18"]
[Black "DFeco"]
[Result "1-0"]
[WhiteElo "2438"]
[BlackElo "2257"]
[TimeControl "180+1"]
[EndTime "10:39:39 PST"]
[Termination "JQuiroga18 won on time"]

1. e4 e5 2. Nf3 Nc6 3. d4 exd4 4. Nxd4 Bc5 5. Be3 Qf6 6. Nb5 Bxe3 7. fxe3 Kd8 8. N1c3 Nge7 9. Qd2 a6 10. Nd4 Re8 11.
O-O-O d6 12. Be2 Qe5 13. Nf3 Qa5 14. Kb1 Be6 15. Nd4 Nb4 16. a3 Nbc6 17. Rhf1 Ne5 18. Nf5 Bxf5 19. exf5 N7c6 20. f6 g6 21. Rf4 Kc8 22. Ra4 Qc5 23. Ne4 Qb6 24. Ka1 Kb8 25.
g4 Ka7 26. g5 Rad8 27. Nc3 Kb8 28. Nd5 Qc5 29. b4 Qa7 30. b5 a5 31. bxc6 bxc6 32.
Rb1+ Kc8 33. Ne7+ Kd7 34. Rd4 Rb8 35. Rd1 Qc5 36. Qc1 1-0

[Event "*** Titled Tuesday Blitz"]
[Site "Chess.com"]
[Date "2021.03.02"]
[Round "4"]
[White "horripile"]
[Black "Angel_Hranitel_37"]
[Result "1-0"]
[WhiteElo "2692"]
[BlackElo "2502"]
[TimeControl "180+1"]
[EndTime "10:39:40 PST"]
[Termination "horripile won by resignation"]

1. e4 c5 2. Nf3 e6 3. g3 d5 4. exd5 exd5 5. d4 Nc6 6. Bg2 Bg4 7. O-O cxd4 8. Nbd2 Nf6 9. h3 Bf5 10. Nb3 Be4 11. Nfxd4 Be7 12. c3 O-O 13. Re1 Rc8 14.
Bg5 Re8 15. Re2 h6 16. Bf4 Bd6 17. Bxd6 Qxd6 18. Qd2 Bxg2 19. Kxg2 Rxe2 20. Qxe2 a6 21. Re1 Re8 22. Qd1 Ne5 23. Nf5 Qd7 24. Nbd4 Ne4 25. f3 Nc5 26. Re2 Nc4 27. Qe1 Rxe2+ 28. Qxe2 Kh7 29.
g4 g6 30. Ne3 Qe8 31. Kf2 Nxe3 32. Qxe3 Qa4 33. Qe7 Nd3+ 34. Ke3 Qd1 35. Qxf7+ Kh8 36.
Ne6 Qe1+ 37. Kxd3 Qd1+ 38. Ke3 Qc1+ 39. Kd4 Qd2+ 40. Ke5 Qe3+ 41. Kf6 Qxf3+ 42. Kxg6 Qd3+ 43. Qf5 Qe4 44. Qxe4 dxe4 45. Kxh6 e3 46. Nf4 e2 47. Nxe2 1-0

[Event "*** Titled Tuesday Blitz"]
[Site "Chess.com"]
[Date "2021.03.02"]
[Round "4"]
[White "Redzishchess"]
[Black "elcandado"]
[Result "0-1"]
[WhiteElo "2353"]
[BlackElo "2618"]
[TimeControl "180+1"]
[EndTime "10:39:40 PST"]
[Termination "elcandado won by checkmate"]

1. e4 e5 2. Nf3 Nc6 3. Bb5 a6 4. Ba4 Nf6 5. O-O Be7 6. Re1 b5 7. Bb3 d6 8. h3 O-O 9. c3 Nb8 10. d4 Nbd7 11. Nbd2 Bb7 12. Bc2 Re8 13. Nf1 Bf8 14.
Ng3 g6 15. d5 c6 16. dxc6 Bxc6 17. a4 Qb6 18. Be3 Qb7 19. axb5 axb5 20. Qd2 Nxe4 21.
Nxe4 Bxe4 22. Bxe4 Qxe4 23. Rxa8 Qxa8 24. Bh6 Qc6 25.
Bxf8 Nxf8 26. Qh6 Ne6 27. h4 Qc4 28. Qd2 Rd8 29. h5 Qg4 30. Nh2 Qxh5 31. Re3 Nf4 32.
Nf3 Qg4 33. Ne1 Qg5 34. Kf1 Qf6 35. Nf3 Ra8 36. g3 Ra1+ 37. Ne1 Nh3 38. Kg2 Ng5 39. Nf3 Nxf3 40. Rxf3 Qe6 41. Qe2 Qc4 42. Qd2 Qf1+ 43. Kh2 Qh1# 0-1

[Event "*** Titled Tuesday Blitz"]
[Site "Chess.com"]
[Date "2021.03.02"]
[Round "4"]
[White "Herman-NY"]
[Black "DinaBelenkaya"]
[Result "1-0"]
[WhiteElo "2469"]
[BlackElo "2301"]
[TimeControl "180+1"]
[EndTime "10:39:40 PST"]
[Termination "Herman-NY won by checkmate"]

1. e4 d5 2. exd5 Qxd5 3. Nc3 Qa5 4. Rb1 c6 5. b4 Qc7 6. g3 g6 7. Bg2 Bg7 8. Nge2 Nf6 9. O-O O-O 10. b5 c5 11. d3 Rd8 12. Bf4 e5 13. Bg5 Be6 14.
Qc1 Nbd7 15. h3 Re8 16. a4 Rac8 17. a5 c4 18. d4 exd4 19. Nxd4 Qxa5 20. Nxe6 Rxe6 21.
Nd5 Nc5 22. Rd1 Nxd5 23. Bxd5 Ree8 24. b6 axb6 25. Be3 Rcd8 26. Bxc4 Rxd1+ 27. Qxd1 Qc3 28. Qd5 Ne6 29. Rxb6 Rc8 30. Bb3 Qe1+ 31. Kg2 Rc7 32. Rxe6 fxe6 33. Qxe6+ Kf8 34. Qg8+ Ke7 35. Qxg7+ Kd6 36.
Qd4+ Ke7 37. Bg5+ Ke8 38. Qd8# 1-0

[Event "*** Titled Tuesday Blitz"]
[Site "Chess.com"]
[Date "2021.03.02"]
[Round "4"]
[White "cukin84"]
[Black "ludogoretz"]
[Result "1-0"]
[WhiteElo "2151"]
[BlackElo "2298"]
[TimeControl "180+1"]
[EndTime "10:39:41 PST"]
[Termination "cukin84 won by checkmate"]

1. e4 c5 2. Nc3 Nc6 3. Bb5 e6 4. Bxc6 bxc6 5. d3 Ne7 6. f4 Ng6 7. Nf3 d6 8. O-O Be7 9. Qe1 O-O 10.
b3 f5 11. Bb2 d5 12. exf5 exf5 13. g3 Bf6 14. Na4 Bxb2 15. Nxb2 Re8 16. Qc3 Qd6 17.
Rae1 Be6 18. Na4 c4 19. dxc4 dxc4 20. Rd1 Qa3 21. Nd4 Bd5 22. Nxf5 Qf8 23. Ne3 cxb3 24. Nxd5 cxd5 25. axb3 Rad8 26. Rd4 Ne7 27. Rfd1 Qf7 28.
Qd3 Nf5 29. Rxd5 Rxd5 30. Qxd5 Re1+ 31. Kf2 Rxd1 32. Qxd1 h5 33. Qd3 Kh7 34. Nc5 g6 35. Ne4 Qb7 36. h3 Qb6+ 37. Kg2 Qb7 38. Kh2 Kh6 39.
g4 hxg4 40. hxg4 Nh4 41. g5+ Kh5 42. Qe2+ Nf3+ 43. Qxf3+ Kh4 44. Qh3# 1-0

[Event "*** Titled Tuesday Blitz"]
[Site "Chess.com"]
[Date "2021.03.02"]
[Round "4"]
[White "frederiksvane"]
[Black "BogdanDeac"]
[Result "0-1"]
[WhiteElo "2680"]
[BlackElo "2983"]
[TimeControl "180+1"]
[EndTime "10:39:42 PST"]
[Termination "BogdanDeac won by resignation"]

1. e4 c5 2. Nf3 a6 3. c4 e6 4.
Nc3 Qc7 5. d4 cxd4 6. Nxd4 Nf6 7. Be2 Bb4 8. Qd3 Nc6 9. O-O O-O 10. Nxc6 dxc6 11. f4 Rd8 12. Qf3 e5 13. fxe5 Qxe5 14. Bf4 Qc5+ 15. Be3 Qa5 16. Qg3 Bd6 17. Qh4 Be5 18.
Qf2 Qb4 19. Rab1 Qe7 20. Bc5 Qe8 21. Rbd1 Be6 22. Bb6 Rxd1 23. Rxd1 Qe7 24. Bc5 Qc7 25. g3 Rd8 26. Rxd8+ Qxd8 27. Qe3 Nd7 28. Ba7 c5 29.
Na4 Bd4 30. Qxd4 cxd4 31. Bxd4 Qa5 32. Nc3 Qb4 33. Nd5 Qe1+ 34. Bf1 Bh3 0-1

[Event "*** Titled Tuesday Blitz"]
[Site "Chess.com"]
[Date "2021.03.02"]
[Round "4"]
[White "Kislov_Oleg"]
[Black "Chandradi"]
[Result "0-1"]
[WhiteElo "2497"]
[BlackElo "2344"]
[TimeControl "180+1"]
[EndTime "10:39:42 PST"]
[Termination "Chandradi won on time"]

1. e4 c5 2. Nf3 g6 3. c3 Nf6 4. e5 Nd5 5. d4 cxd4 6. cxd4 Nc6 7.
Bc4 Nb6 8. Bb3 d5 9. h3 Bg7 10.
O-O O-O 11. Nc3 Bf5 12. a4 Na5 13. Ba2 Rc8 14. Bd2 Nac4 15. Bc1 Qd7 16. b3 Nxe5 17. Nxe5 Bxe5 18. Nxd5 Qxd5 19. dxe5 Qxe5 20. Bh6 Rfd8 21.
Qf3 Nd5 22. Rfe1 Qf6 23. g4 Be6 24. Qxf6 Nxf6 25. b4 Bxa2 26. Rxa2 Nd5 27. b5 f6 28.
Bc1 Kf7 29. Rae2 e5 30. g5 Nc3 31. Re3 Rd1 32. gxf6 Kxf6 33. Rxe5 Rxc1 34. Re6+ Kf7 35. Re7+ Kf6 36. Re6+ Kf5 37. Re5+ Kf4 38. Kg2 Rxe1 39. Rxe1 Ne4 40. Rd1 Rc2 41. Rd7 Rxf2+ 42.
Kg1 Kg3 43. Rd3+ Rf3 44. Rd7 Nf2 45. Rxh7 Nxh3+ 0-1

[Event "*** Titled Tuesday Blitz"]
[Site "Chess.com"]
[Date "2021.03.02"]
[Round "4"]
[White "pirulillo"]
[Black "ZEN-22"]
[Result "1-0"]
[WhiteElo "2251"]
[BlackElo "2412"]
[TimeControl "180+1"]
[EndTime "10:39:42 PST"]
[Termination "pirulillo won on time"]

1. e4 d5 2. exd5 c6 3. d4 cxd5 4. c4 Nf6 5. Nc3 a6 6. Nf3 g6 7. cxd5 Bg7 8. Bc4 b5 9. Bb3 Bb7 10. O-O O-O 11. Re1 Nxd5 12. Nxd5 Bxd5 13. Bxd5 Qxd5 14.
Rxe7 Nc6 15. Re3 Rad8 16. Rd3 Nb4 17. Rd2 Nxa2 18. h3 Rfe8 19. Qf1 Nxc1 20. Qxc1 Bh6 21. Rxa6 Bxd2 22. Qxd2 Qc4 23. Rf6 Rc8 24. Kh2 Re2 25. Qh6 Qc7+ 26. Ne5 Rf8 27. g3 Rxb2 28. Ng4 Rb1 29.
Ra6 Rh1+ 30. Kxh1 Qb7+ 31. d5 Qxa6 32. Qg5 Qa1+ 33. Kg2 f6 34. Qe3 Qa6 35. Qe7 Qc8 36. d6 h5 37. Nxf6+ 1-0

[Event "*** Titled Tuesday Blitz"]
[Site "Chess.com"]
[Date "2021.03.02"]
[Round "4"]
[White "mamonika"]
[Black "annamaja"]
[Result "0-1"]
[WhiteElo "2028"]
[BlackElo "2376"]
[TimeControl "180+1"]
[EndTime "10:39:42 PST"]
[Termination "annamaja won on time"]

1. e4 e6 2. d4 d5 3. Nd2 Nf6 4. e5 Nfd7 5. Bd3 c5 6. c3 Nc6 7. Ne2 cxd4 8. cxd4 f6 9. exf6 Qxf6 10. Nf3 h6 11.
O-O Bd6 12. Be3 O-O 13. Rc1 Rd8 14. Bb1 Nf8 15. Qd2 Bd7 16. Bf4 Bb4 17. Qe3 Be8 18. Ne5 Ne7 19. Rc7 Bc6 20. Nxc6 bxc6 21. Be5 Qf7 22.
f4 Rd7 23. Rxd7 Nxd7 24. a3 Ba5 25. Qd3 Nf8 26. Ng3 Bb6 27. Kh1 c5 28. dxc5 Bxc5 29. b4 Bb6 30. f5 exf5 31. Nxf5 Nxf5 32. Rxf5 Qe6 33. Qg3 Ng6 34. Bb2 Bc7 35. Qf2 Re8 36.
h3 Qe1+ 37. Qf1 Nh4 0-1

[Event "*** Titled Tuesday Blitz"]
[Site "Chess.com"]
[Date "2021.03.02"]
[Round "4"]
[White "akanga001"]
[Black "Michaelson_11"]
[Result "0-1"]
[WhiteElo "1953"]
[BlackElo "2275"]
[TimeControl "180+1"]
[EndTime "10:39:42 PST"]
[Termination "Michaelson_11 won by resignation"]

1. d4 Nf6 2. Nf3 g6 3. Bg5 Bg7 4. e3 d6 5. Nbd2 O-O 6. Bd3 c5 7. c3 Nc6 8. O-O e5 9. d5 Ne7 10.
e4 h6 11. Bh4 Bg4 12. Re1 g5 13. Bg3 Nh5 14. h3 Nxg3 15. fxg3 Bh5 16. g4 Bg6 17. a4 f6 18. Nc4 h5 19. Nfd2 Qd7 20. Be2 hxg4 21. Bxg4 f5 22. exf5 Bxf5 23. Ne3 Bxg4 24. hxg4 Rf4 25. g3 Rf7 26. Qe2 Raf8 27. Rf1 Ng6 28.
Rxf7 Qxf7 29. Ndc4 Nf4 30. gxf4 gxf4 31. Nf5 Qxd5 32.
Nxg7 Kxg7 33. Rd1 f3 34. Qf1 f2+ 35. Kh2 Qf3 36. Nd2 Rh8+ 0-1

[Event "*** Titled Tuesday Blitz"]
[Site "Chess.com"]
[Date "2021.03.02"]
[Round "4"]
[White "vugarrasulov"]
[Black "Sibelephant"]
[Result "0-1"]
[WhiteElo "2791"]
[BlackElo "3055"]
[TimeControl "180+1"]
[EndTime "10:39:43 PST"]
[Termination "Sibelephant won by checkmate"]

1. d4 d5 2. c4 e6 3. Nf3 a6 4. e3 Nf6 5. Bd3 dxc4 6. Bxc4 c5 7. dxc5 Qxd1+ 8. Kxd1 Bxc5 9. Ke2 Ke7 10. a3 Nbd7 11.
b4 Bd6 12. Bb2 a5 13. b5 Nc5 14. Rd1 Bd7 15. Be5 Bxe5 16. Nxe5 Rhc8 17. Nd2 Be8 18.
f3 Na4 19. Rdc1 Rc5 20. Nd3 Rc7 21. e4 Rac8 22. Rab1 Nd7 23. Ke3 Ndb6 24. Bb3 Nc3 25. Ra1 Bxb5 26. Nf4 g5 27. Nd3 f5 28. exf5 exf5 29. f4 Rd8 30. Bc2 Ncd5+ 31. Kf2 Bxd3 32. Bxd3 Rxc1 33. Rxc1 Nxf4 34. Rc7+ Kf6 35. Rxb7 Nxd3+ 36. Ke3 f4+ 37. Kf3 Ne5+ 38. Ke2 Nd5 39. Ne4+ Kf5 40. Nc5 Nc3+ 41. Kf1 Rd1+ 42. Kf2 Ng4+ 43. Kf3 Rf1# 0-1

[Event "*** Titled Tuesday Blitz"]
[Site "Chess.com"]
[Date "2021.03.02"]
[Round "4"]
[White "SGchess01"]
[Black "Mr_Sinigami"]
[Result "1-0"]
[WhiteElo "2852"]
[BlackElo "2622"]
[TimeControl "180+1"]
[EndTime "10:39:43 PST"]
[Termination "SGchess01 won by resignation"]

1. e4 c5 2. Nf3 e6 3. d4 cxd4 4.
Nxd4 a6 5. Be2 Nf6 6. Nc3 Qc7 7.
O-O Nc6 8. Be3 Be7 9. f4 d6 10.
Kh1 O-O 11. Qe1 Bd7 12. Qg3 b5 13. e5 dxe5 14. Nxc6 Bxc6 15. fxe5 Nd7 16. Bf4 b4 17. Nd1 Kh8 18. Ne3 Nc5 19. Qh3 Rad8 20. Nc4 Be4 21. Nd6 Bg6 22. Rac1 Ne4 23. Nxe4 Bxe4 24. Bxa6 Ra8 25.
Bd3 Bxd3 26. cxd3 Qd7 27. Ra1 Rfd8 28. Be3 Kg8 29. Qf3 f5 30. d4 Qd5 31. Qxd5 Rxd5 32.
b3 Rda5 33. Rf2 Ra3 34. Rb2 g5 35. g3 Kf7 36. Kg2 h6 37. Kf3 Kg6 38. h3 Kf7 39. g4 fxg4+ 40. hxg4 Kg6 41. Ke4 R3a5 42. Bd2 R5a6 43. Rc2 Ra3 44. Rc6 Kf7 45. Rf1+ Ke8 46. Rxe6 Kd7 47. Rxe7+ Kxe7 48. Bxb4+ Ke8 49. Bxa3 Rxa3 50.
Rf2 Ra5 51. d5 Ra6 52. e6 Rxa2 53. Rxa2 1-0

[Event "*** Titled Tuesday Blitz"]
[Site "Chess.com"]
[Date "2021.03.02"]
[Round "4"]
[White "shrek4life02"]
[Black "federicosellitti"]
[Result "1-0"]
[WhiteElo "2730"]
[BlackElo "2526"]
[TimeControl "180+1"]
[EndTime "10:39:45 PST"]
[Termination "shrek4life02 won on time"]

1. d4 d5 2. Nf3 Nc6 3. Bf4 Bg4 4. h3 Bxf3 5. gxf3 Nf6 6. Nc3 e6 7. e3 Bd6 8. Bg5 Be7 9. Rg1 a6 10. Qd2 Qd7 11. O-O-O O-O-O 12. Bf4 Rhg8 13. Bd3 Bb4 14. a3 Ba5 15. Be2 Qe7 16. Qd3 e5 17. dxe5 Nxe5 18.
Qf5+ Ned7 19. Nxd5 Nxd5 20. Rxd5 g6 21. Qd3 Nb6 22.
Rxd8+ Rxd8 23. Qe4 Qxe4 24. fxe4 Rd2 25. Bg4+ Kb8 26. b4 Nc4 27. bxa5 h5 28. Bd1 Rxf2 29. e5 Nxa3 30. Bg3 Rf5 31. Be2 h4 32. Bxh4 Rxe5 33.
Bf2 Rxa5 34. Kb2 Nb5 35. Bxb5 Rxb5+ 36. Kc3 a5 37. e4 Rb4 38. Re1 b5 39. Kd3 Rc4 40.
Bg3 Kb7 41. Rf1 Ra4 42. Be5 Ra3+ 43. c3 f5 44. exf5 gxf5 45. Rxf5 b4 46. h4 b3 47. Rf2 Ra2 48. Rxa2 bxa2 49. c4 Kc6 50. h5 1-0

[Event "*** Titled Tuesday Blitz"]
[Site "Chess.com"]
[Date "2021.03.02"]
[Round "4"]
[White "Galileo22"]
[Black "Chowman64"]
[Result "0-1"]
[WhiteElo "2431"]
[BlackElo "2668"]
[TimeControl "180+1"]
[EndTime "10:39:45 PST"]
[Termination "Chowman64 won by checkmate"]

1. d4 Nf6 2. Bg5 Ne4 3. Bh4 d5 4. Nd2 Nd6 5. Ngf3 Nf5 6. Bg3 c5 7. dxc5 Nc6 8. c3 a5 9. e4 Nxg3 10. hxg3 e6 11. Qc2 g6 12. O-O-O Bg7 13. exd5 exd5 14. Nb3 O-O 15. Nbd4 a4 16. Kb1 Qe7 17.
Bd3 Qxc5 18. Ne2 a3 19. b4 Qd6 20. Nf4 d4 21. b5 Ne5 22. Nxd4 Qc5 23. Nb3 Qb6 24.
Nd5 Qd6 25. Be4 Bd7 26. c4 Qb8 27. f4 Ng4 28. Nc5 Be6 29. Ne7+ Kh8 30. Nxe6 fxe6 31.
Nxg6+ Kg8 32. Nxf8 Qxf8 33. Bxh7+ Kh8 34. Qg6 Qb4+ 35.
Kc2 Qc3+ 36. Kb1 Qb2# 0-1

[Event "*** Titled Tuesday Blitz"]
[Site "Chess.com"]
[Date "2021.03.02"]
[Round "4"]
[White "Forantes"]
[Black "manitodeplomo"]
[Result "0-1"]
[WhiteElo "2423"]
[BlackElo "2611"]
[TimeControl "180+1"]
[EndTime "10:39:45 PST"]
[Termination "manitodeplomo won by checkmate"]

1. Nf3 g6 2. g3 Bg7 3. d4 c5 4. Bg2 cxd4 5. Nxd4 Nc6 6. Nb3 a5 7.
a4 Nf6 8. O-O O-O 9. Nc3 b6 10.
Nd5 Ba6 11. c3 Rc8 12. Be3 Nxd5 13. Bxd5 e6 14. Bg2 d5 15. Nd4 Ne5 16. Bc1 Qc7 17. Re1 Rfd8 18. Bf4 Qc5 19. e4 Nd3 20. exd5 Nxe1 21.
Qxe1 exd5 22. Rd1 Re8 23. Qd2 Bxd4 24. cxd4 Qb4 25. Bxd5 Qxa4 26. Be5 Red8 27. b3 Qb4 28. Qh6 Qf8 29. Qg5 Rxd5 30. Qf6 Rxe5 31. dxe5 Be2 32.
Re1 Bg4 33. h4 Be6 34. h5 Qd8 35. Qf3 Qd5 36. Qe4 Qxe4 37. Rxe4 Rc1+ 38. Kh2 Bd5 39.
Rd4 Rh1# 0-1

[Event "*** Titled Tuesday Blitz"]
[Site "Chess.com"]
[Date "2021.03.02"]
[Round "4"]
[White "lucachess49"]
[Black "PawnEatingZombie"]
[Result "1-0"]
[WhiteElo "2410"]
[BlackElo "2194"]
[TimeControl "180+1"]
[EndTime "10:39:46 PST"]
[Termination "lucachess49 won on time"]

1. d4 d5 2. c4 e6 3. Nc3 Bb4 4. Nf3 dxc4 5. e3 b5 6. a4 c6 7. Bd2 a5 8. axb5 Bxc3 9. Bxc3 cxb5 10. b3 Bb7 11. bxc4 b4 12. Bb2 Nf6 13. Bd3 O-O 14. O-O Nbd7 15. Nd2 Qc7 16. f4 a4 17. Rb1 Rfd8 18.
Qe2 b3 19. Ba3 Ba6 20. e4 Qa7 21. Nf3 e5 22. fxe5 Nxe5 23. Bc5 Nxf3+ 24. Rxf3 Qd7 25. e5 Ne8 26. Bxh7+ Kxh7 27. Rh3+ Kg8 28. Qh5 Qxh3 29. gxh3 Bxc4 30. Re1 a3 31. Qh4 a2 32. Kf2 b2 33. Qe7 Nf6 34. exf6 b1=Q 35. Re3 a1=Q 36. fxg7 Qf1+ 37. Kg3 1-0

[Event "*** Titled Tuesday Blitz"]
[Site "Chess.com"]
[Date "2021.03.02"]
[Round "4"]
[White "Nuvas"]
[Black "Angry_Twin"]
[Result "0-1"]
[WhiteElo "2542"]
[BlackElo "2892"]
[TimeControl "180+1"]
[EndTime "10:39:47 PST"]
[Termination "Angry_Twin won by resignation"]

1. d4 Nf6 2. c4 e6 3. Nc3 Bb4 4. Qc2 d5 5. cxd5 exd5 6. Bg5 h6 7. Bh4 Nc6 8. e3 g5 9. Bg3 h5 10. h3 Ne4 11. Bh2 Bf5 12. Bd3 Qd7 13. Ne2 O-O-O 14.
a3 Nxc3 15. Nxc3 Bxd3 16. Qxd3 Bd6 17. Bxd6 Qxd6 18. Qf5+ Qe6 19. Qxe6+ fxe6 20. Ke2 e5 21. dxe5 Nxe5 22. Rad1 c6 23. b3 Rde8 24. f3 Rhf8 25. Kf2 Ng6 26. Rhe1 g4 27. hxg4 hxg4 28. f4 Nh4 29.
Ne2 Nf5 30. Nd4 Nd6 31. Kg3 Ne4+ 32. Kh2 Rh8+ 33. Kg1 Re7 34. Kf1 Rh2 35. Nf5 Rf7 36. Kg1 Rh5 37. Nd4 Rfh7 38. Kf1 Rh2 39. Rc1 Nd2+ 40.
Ke2 Rxg2+ 41. Kd3 Ne4 42. Re2 Rg3 43. b4 Kd7 44. Nf5 Rgh3 45. Rg1 g3 46. Reg2 Rh2 47.
Ke2 Ke6 48. Kf3 Kxf5 0-1

[Event "*** Titled Tuesday Blitz"]
[Site "Chess.com"]
[Date "2021.03.02"]
[Round "4"]
[White "anon102030"]
[Black "lagedema"]
[Result "1/2-1/2"]
[WhiteElo "2701"]
[BlackElo "2514"]
[TimeControl "180+1"]
[EndTime "10:39:47 PST"]
[Termination "Game drawn by repetition"]

1. e4 c6 2. d3 d5 3. Nd2 e5 4. g3 Nf6 5. Bg2 Bd6 6. Ngf3 O-O 7. O-O Re8 8. b3 Nbd7 9. Bb2 Nf8 10. Re1 Ng6 11.
h3 a5 12. a4 d4 13. Rf1 h6 14. Kh2 b5 15. Ng1 Bd7 16. Ne2 Qc7 17. Bc1 h5 18. Kh1 h4 19. g4 Nh7 20. f4 Nxf4 21.
Nxf4 exf4 22. Nf3 g5 23. Nxd4 Be5 24. c3 b4 25. Bb2 c5 26. Ne2 Rad8 27. d4 bxc3 28.
Nxc3 Bxd4 29. Nd5 Qe5 30. Bxd4 cxd4 31. Qd2 Be6 32. Qxa5 Bxd5 33. exd5 d3 34. Rad1 Nf6 35. Rxd3 Ne4 36. Bxe4 Qxe4+ 37. Rff3 Rc8 38. Qd2 Re5 39.
d6 Rd5 40. d7 Rxd7 41. Kg2 Rdc7 42. Rd8+ Kh7 43. Rxc8 Rxc8 44. Qd3 Rc2+ 45. Kf1 Rc1+ 46. Kf2 Rc2+ 47. Kg1 Rc1+ 48. Kf2 Rc2+ 49. Kf1 Rc1+ 50. Kf2 1/2-1/2

[Event "*** Titled Tuesday Blitz"]
[Site "Chess.com"]
[Date "2021.03.02"]
[Round "4"]
[White "Godzillator"]
[Black "shaheus"]
[Result "1-0"]
[WhiteElo "2298"]
[BlackElo "2434"]
[TimeControl "180+1"]
[EndTime "10:39:47 PST"]
[Termination "Godzillator won on time"]

1. d4 Nf6 2. c4 g6 3. Nc3 Bg7 4. e4 d6 5. Be2 O-O 6. Bg5 c6 7.
Qd2 a6 8. a4 a5 9. Rd1 Qb6 10. h3 e5 11. d5 Re8 12. Be3 c5 13.
f3 Qd8 14. Nb5 Nh5 15. g4 Nf4 16. Bd3 Bh6 17. Kf1 Qh4 18. Bf2 Qe7 19. Ne2 Na6 20.
Be3 Nb4 21. Bb1 Qh4 22. Bf2 Qf6 23. h4 Qe7 24. g5 Bg7 25. Nxf4 exf4 26. b3 Be5 27. Bd3 Rd8 28. Be2 Bd7 29. Kg2 Bxb5 30. cxb5 b6 31. Rdg1 Rf8 32. Kf1 f6 33. gxf6 Rxf6 34.
h5 Kg7 35. Bh4 Qf7 36. Bxf6+ Qxf6 37. hxg6 hxg6 38. Bd1 Bd4 39. Rg4 Rh8 40. Rxh8 Kxh8 41. Qg2 Kg7 42. Qh3 Be3 43. Rh4 Qg5 44. Qd7+ Kg8 45.
Qh7+ Kf8 46. Qh8+ 1-0

[Event "*** Titled Tuesday Blitz"]
[Site "Chess.com"]
[Date "2021.03.02"]
[Round "4"]
[White "pfalcon1949"]
[Black "CzechmVIII"]
[Result "0-1"]
[WhiteElo "2017"]
[BlackElo "2253"]
[TimeControl "180+1"]
[EndTime "10:39:47 PST"]
[Termination "CzechmVIII won by checkmate"]

1. c4 Nf6 2. Nc3 c5 3. g3 e6 4.
Bg2 d5 5. cxd5 exd5 6. d4 cxd4 7.
Qxd4 Nc6 8. Qd1 d4 9. Ne4 Nxe4 10. Bxe4 Be7 11. Bg2 O-O 12. Nf3 Bf6 13. O-O Be6 14. Ne1 Re8 15. Nd3 Bd5 16. b3 Bxg2 17. Kxg2 Qd5+ 18.
Kg1 Rac8 19. Bb2 Qe4 20. Re1 Ne5 21. Rc1 Rxc1 22. Nxc1 h5 23. h4 Nf3+ 24. Kf1 Nxe1 25. Kxe1 Qh1+ 26. Kd2 Qxd1+ 27. Kxd1 Re6 28. Nd3 b6 29.
Kd2 g6 30. Ba3 Be7 31. Bb2 Rd6 32. Nf4 Bf6 33. Kd3 Rd7 34. Ng2 Kf8 35. Ne1 Ke8 36.
Nf3 Ke7 37. Nxd4 Bxd4 38. Bxd4 f5 39. e3 Ke6 40. Ke2 Kd5 41. Kd3 Rc7 42. Kd2 Rc6 43.
Bb2 Ke4 44. Bd4 Kf3 45. Ke1 Rc2 46.
Be5 Rxa2 47. Bf4 Rb2 48. Kd1 Rxb3 49. Kc2 Rb5 50. Kc3 Rd5 51. Kc4 Rd7 52. Kb5 Kxf2 53. Ka6 Rd3 54. Kxa7 Rxe3 55. Kxb6 Rxg3 56. Bxg3+ Kxg3 57. Kc5 Kxh4 58. Kd5 g5 59. Ke5 f4 60. Ke4 Kg3 61.
Kd3 f3 62. Ke3 f2 63. Ke4 f1=Q 64. Ke5 Qf4+ 65. Kd5 h4 66. Ke6 h3 67. Kd5 h2 68. Kc6 h1=Q+ 69. Kb5 Qe1 70. Kc5 Qfd2 71. Kc6 Qec1+ 72. Kb6 Qdb2+ 73. Ka7 Qca1# 0-1

[Event "*** Titled Tuesday Blitz"]
[Site "Chess.com"]
[Date "2021.03.02"]
[Round "4"]
[White "Mihnea2017"]
[Black "GregShahade"]
[Result "0-1"]
[WhiteElo "2454"]
[BlackElo "2645"]
[TimeControl "180+1"]
[EndTime "10:39:48 PST"]
[Termination "GregShahade won by resignation"]

1. e4 e5 2. Nf3 Nc6 3. Bc4 Nf6 4.
d3 Bc5 5. O-O a6 6. c3 d6 7. Bb3 Ba7 8. Nbd2 O-O 9. h3 h6 10.
Re1 Re8 11. Nf1 Be6 12. Bc2 d5 13. exd5 Bxd5 14. Ng3 Qd6 15. Ne4 Nxe4 16. dxe4 Bc4 17. Qxd6 cxd6 18. Be3 Bxe3 19. Rxe3 Rad8 20. Nd2 Be6 21. Bb3 d5 22. exd5 Bxd5 23. Bxd5 Rxd5 24. Nc4 b5 25. Na3 Rd2 26. Rb1 Red8 27. Kf1 f6 28.
Re2 b4 29. Nc4 Rd1+ 30. Re1 Rxe1+ 31. Kxe1 Rd3 32. cxb4 Nxb4 33. a3 Nc2+ 34. Ke2 Rd8 35. Rc1 Nd4+ 36. Ke3 Rc8 37. f4 a5 38. fxe5 fxe5 39.
Rc3 Nb5 40. Rc1 a4 41. Ke4 Rxc4+ 42. Rxc4 Nd6+ 43. Kd5 Nxc4 44. Kxc4 Kf7 45. Kb4 e4 46. Kc4 Kf6 47. Kd4 Kf5 48. g3 h5 49. h4 g6 50. Ke3 Ke5 51. Ke2 Kd4 52. Kd2 e3+ 53. Ke2 Ke4 0-1

[Event "*** Titled Tuesday Blitz"]
[Site "Chess.com"]
[Date "2021.03.02"]
[Round "4"]
[White "GM_Crest"]
[Black "Frogo47"]
[Result "1/2-1/2"]
[WhiteElo "2764"]
[BlackElo "2538"]
[TimeControl "180+1"]
[EndTime "10:39:49 PST"]
[Termination "Game drawn - insufficient material"]

1. d4 Nf6 2. c4 g6 3. Nc3 Bg7 4. e4 d6 5. Be2 O-O 6. g4 c5 7. g5 Nh5 8. d5 e6 9. Bxh5 gxh5 10.
Qxh5 exd5 11. cxd5 Re8 12. Nge2 b5 13. Ng3 b4 14.
Nce2 Nd7 15. Nf5 Rxe4 16. Nxg7 Kxg7 17. Qh6+ Kg8 18. Qxd6 Qe8 19. Be3 Nb6 20. O-O Bh3 21. Ng3 Rg4 22. Rae1 Bxf1 23. Kxf1 Rd8 24. Qc6 Nxd5 25.
Qxe8+ Rxe8 26. Bxc5 Rxe1+ 27. Kxe1 Rxg5 28. Bxa7 Rg6 29. a3 Rc6 30. axb4 Nxb4 31. b3 Rc3 32. Ne4 Rxb3 33. Ke2 Nc6 34. Bc5 Kg7 35. Ng3 Kg6 36. h4 h5 37. Be3 Ne5 38. f4 Rb2+ 39. Kf1 Ng4 40. f5+ Kh7 41. Bg5 f6 42. Bc1 Rb1 43. Ne2 Rxc1+ 44. Nxc1 Nh6 45. Kg2 Nxf5 46. Kh3 Nxh4 47.
Kxh4 Kg6 48. Nd3 f5 49. Nf4+ Kf6 50. Kxh5 Ke5 51. Kg5 Ke4 52. Ng6 Ke3 53. Nf4 Ke4 54. Ng6 Ke3 55. Kxf5 1/2-1/2

[Event "*** Titled Tuesday Blitz"]
[Site "Chess.com"]
[Date "2021.03.02"]
[Round "4"]
[White "Marty435"]
[Black "MITerryble"]
[Result "0-1"]
[WhiteElo "2545"]
[BlackElo "2921"]
[TimeControl "180+1"]
[EndTime "10:39:50 PST"]
[Termination "MITerryble won on time"]

1. e4 e6 2. d4 d5 3. Nc3 Nf6 4. e5 Nfd7 5. f4 c5 6. Nf3 Nc6 7.
Be3 Be7 8. Qd2 O-O 9. Be2 b6 10. O-O f5 11. Rad1 Bb7 12. a3 Kh8 13. h3 a6 14. Kh2 Rc8 15. Qe1 Qe8 16. Rd2 b5 17.
Nd1 cxd4 18. Nxd4 Nxd4 19. Bxd4 Nc5 20. Bf3 g5 21. fxg5 Bxg5 22. Rdf2 Qg6 23. g3 Rg8 24. Rg2 Ne4 25. Bxe4 dxe4 26. Be3 Be7 27. Nc3 Qh5 28. Qe2 Qxe2 29. Rxe2 Rcd8 30. Rd1 Rxd1 31. Nxd1 Kg7 32.
Rd2 Bc6 33. Kg1 h5 34. Kf2 h4 35.
gxh4 Bxh4+ 36. Ke2 Be7 37. Bf4 Rh8 38. Nf2 Kf7 39. c3 Bc5 40. Be3 Be7 41. Bf4 Ke8 42. Be3 Rh4 43. Bb6 f4 44. Rd4 f3+ 45. Ke1 Bg5 0-1

[Event "*** Titled Tuesday Blitz"]
[Site "Chess.com"]
[Date "2021.03.02"]
[Round "4"]
[White "LubovMarkelova"]
[Black "nicolevalladar"]
[Result "0-1"]
[WhiteElo "2214"]
[BlackElo "1839"]
[TimeControl "180+1"]
[EndTime "10:39:50 PST"]
[Termination "nicolevalladar won on time"]

1. Nf3 d5 2. d4 c6 3. c4 Nf6 4. e3 e6 5. b3 Be7 6. Bb2 O-O 7. Bd3 Nbd7 8. O-O dxc4 9. bxc4 b5 10. cxb5 cxb5 11.
Nc3 a6 12. Rc1 Bb7 13. e4 Rc8 14. Qe2 Bb4 15. a3 Be7 16. Rfd1 h6 17. h3 Nh5 18.
g3 Nb6 19. Ne5 Nf6 20. Bb1 Nfd7 21. Ng4 Nf6 22. Qd3 Nxg4 23. hxg4 Nc4 24. Ba1 Nxa3 25.
Ba2 Nc4 26. Bxc4 Rxc4 27. d5 exd5 28. Nxd5 Rxc1 29. Rxc1 Bxd5 30. exd5 Bd6 31. Qd4 f6 32. Qd3 Re8 33. Rc6 Qd7 34. Qg6 Re7 35. Kg2 Rf7 36. Bd4 a5 37. Bb6 a4 38. Qd3 b4 39.
Qb5 a3 40. Bc5 Bxc5 41. Qxc5 a2 42. Rc8+ Kh7 43. Qc2+ g6 0-1